 Dungeon Crawl Stone Soup version 0.19.0-19-g8c6edcc (webtiles) character file.

27 Monsterracer the Poker (level 3, 0/27 HPs)
             Began as a Merfolk Skald on Nov 13, 2016.
             Slain by a quokka (1 damage)
             ... on level 2 of the Dungeon.
             The game lasted 00:01:45 (678 turns).

Monsterracer the Poker (Merfolk Skald)               Turns: 678, Time: 00:01:45

Health: 0/27       AC:  4    Str: 12    XL:     3   Next: 10%
Magic:  1/6        EV: 11    Int: 12    God:
Gold:   74         SH:  0    Dex: 13    Spells: 3 memorised, 1 level left

rFire  . . .     SeeInvis .     a - +0 spear
rCold  . . .     Gourm    .     b - +0 leather armour
rNeg   . . .     Faith    .     (no shield)
rPois  .         Spirit   .     (no helmet)
rElec  .         Reflect  .     (no cloak)
rCorr  .         Harm     .     f - +0 pair of gloves
MR     .....                    (no boots)
Stlth  +.........               (no amulet)
                                (no ring)
                                (no ring)

@: shrouded, infused, very slightly contaminated
A: change form in water, swift swim, stealthy swim
a: no special abilities


You were on level 2 of the Dungeon.
You were not hungry.

You visited 1 branch of the dungeon, and saw 2 of its levels.

You collected 74 gold pieces.

Inventory:

Hand Weapons
 a - a +0 spear (weapon)
Armour
 b - a +0 leather armour (worn)
 f - a +0 pair of gloves (worn)
Scrolls
 e - a scroll of teleportation {unknown}
 g - a scroll of identify {unknown}
Books
 c - a book of Battle

   Spells                             Type                      Level
   a - Infusion                       Charms                       1
   b - Shroud of Golubria             Charms/Translocation         2
   c - Song of Slaying                Charms                       2
   d - Spectral Weapon                Hexes/Charms                 3
   e - Regeneration                   Charms/Necromancy            3
Comestibles
 d - 2 bread rations
 h - a beef jerky


   Skills:
 - Level 2.1 Fighting
 * Level 4.2 Polearms
 - Level 0.6 Armour
 - Level 1.3 Dodging
 + Level 2.0 Spellcasting
 * Level 3.8 Charms


You had one spell level left.
You knew the following spells:

 Your Spells              Type           Power        Failure   Level  Hunger
a - Infusion              Chrm           ##..         10%         1    ##.....
b - Song of Slaying       Chrm           ##......     14%         2    ###....
c - Shroud of Golubria    Chrm/Tloc      #.........   28%         2    ###....


Dungeon Overview and Level Annotations

Branches:
Dungeon (2/15)

Altars:


Message History

Casting: Shroud of Golubria
Confirm with . or Enter, or press ? or * to list all spells.
You miscast Shroud of Golubria.
You are very lightly contaminated with residual magic.
Nothing appears to happen.
The quokka twitches its whiskers.
The quokka closely misses you.
Casting: Shroud of Golubria
Confirm with . or Enter, or press ? or * to list all spells.
You begin infusing your attacks with magical energy.
The quokka closely misses you.
You miss the quokka.
The quokka bites you but does no damage.
You closely miss the quokka. The quokka barely misses you.
Casting: Infusion
Confirm with . or Enter, or press ? or * to list all spells.
Space distorts slightly along a thin shroud covering your body.
The quokka barely misses you.
You hit the quokka but do no damage. The quokka bites you.
You die...

#...... .!..#
#......###.#.#
#.......#....
#.....).#..#
#+#.#.<######
#..>..........
###.#.########
#...r........
#..#@........
#..#.........
#..+†........
#.##.........
#. ..........
#..........
...........
!...........
....#######


You could see a quokka.

Vanquished Creatures
  A worm (D:2)
  A giant cockroach (D:1)
  4 goblins (D:1)
  4 hobgoblins
  3 kobolds (D:1)
  4 bats (D:1)
  A frilled lizard (D:1)
  5 rats (D:1)
23 creatures vanquished.

Notes
Turn   | Place    | Note
-------+----------+-------------------------------------------
     0 | D:1      | Monsterracer the Merfolk Skald began the quest for the Orb.
     0 | D:1      | Reached XP level 1. HP: 16/16 MP: 3/3
   167 | D:1      | Reached XP level 2. HP: 22/22 MP: 5/5
   171 | D:1      | Learned a level 2 spell: Song of Slaying
   174 | D:1      | Learned a level 2 spell: Shroud of Golubria
   342 | D:1      | Reached skill level 4 in Polearms
   550 | D:2      | Reached XP level 3. HP: 19/27 MP: 6/6
   567 | D:2      | HP: 1/27 [worm (9)]
   672 | D:2      | HP: 1/27 [quokka (1)]
   678 | D:2      | Slain by a quokka

Skill      XL: |  1  2 |
---------------+-------+-----
Polearms       | 4 |  4.2
Fighting       | |  2.1
Armour         | |  0.6
Dodging        | |  1.3
Spellcasting   | |  2.0
Charms         | |  3.8

Action                   || total
-------------------------++-------
Melee: Spear             ||    86
 Cast: Shroud of Golubri ||     2
       Infusion          ||     1
  Use: Potion            ||     1
Armor: Leather armour    ||    14
Dodge: Dodged            ||    39
